AoeStats
← Capitão Caverna

Arena

506529792Analyzed
4v4 RM · 19d ago on Sep 13, 2026· 27m 52s· 8 players
Game mode
Random Map
Map size
Large (8 player)
Population
200
Speed
Normal
Resources
Standard
Victory
Conquest
Starting age
Dark Age
Ending age
Imperial Age
RankedLock teamsTeams togetherTeam positionsShared explorationLock speedFull tech treeHidden civsTurbo modeCheats
Victory
Defeat
🇧🇷 Celts · Brazil
1335
+15
🇧🇷 Bohemians · Brazil
1296
+16
🇧🇷 Turks · Brazil
1284
+17
🇧🇷 Khmer · Brazil
1222
+19
🇫🇷 Aztecs · France
1345
-19
🇲🇽 Persians · Mexico
1269
-15
🇺🇸 Bohemians · United States
1260
-15
grinchekill
10:40 Feudal Age
14:51 Castle Age
13:39 Double-Bit Axe
13:42 Loom
14:42 Gold Mining
15:45 Horse Collar
16:46 Bow Saw
20:18 Wheelbarrow
27:25 Hand Cart
28:10 Heavy Plow
28:03 Stone Mining
Capitão Caverna
9:54 Loom
11:40 Feudal Age
14:52 Castle Age
12:54 Double-Bit Axe
13:37 Horse Collar
15:10 Wheelbarrow
15:09 Bloodlines
15:57 Gold Mining
17:58 Husbandry
18:33 Heavy Plow
19:35 Forging
20:37 Scale Barding Armor
21:57 Devotion
27:09 Gold Shaft Mining
BYD Carburado
12:06 Feudal Age
16:28 Castle Age
15:13 Double-Bit Axe
22:10 Imperial Age
20:19 Gold Mining
21:54 Padded Archer Armor
26:30 Loom
Curupira
10:29 Feudal Age
11:13 Loom
17:14 Castle Age
15:51 Double-Bit Axe
Lancelot
7:01 Loom
10:37 Feudal Age
15:24 Castle Age
13:37 Double-Bit Axe
13:50 Horse Collar
16:13 Bow Saw
19:28 Heavy Plow
21:03 Gold Mining
25:30 Wheelbarrow
yalaric
9:13 Loom
11:16 Feudal Age
15:53 Castle Age
14:01 Double-Bit Axe
25:07 Horse Collar
25:45 Bow Saw
26:11 Town Watch
27:06 Wheelbarrow
27:40 Town Patrol
软脚虾5号(p6有机会获得妙卡奶牛)
6:11 Loom
9:02 Feudal Age
10:28 Fletching
17:41 Double-Bit Axe
24:18 Castle Age
22:43 Horse Collar
25:18 Bow Saw
25:09 Heavy Plow
Thrillho
11:36 Feudal Age
12:29 Double-Bit Axe
12:45 Horse Collar
15:16 Castle Age
16:10 Wheelbarrow
18:07 Heavy Plow
18:35 Bow Saw
23:08 Fervor
29:10 Imperial Age
26:28 Loom
27:01 Hand Cart
28:44 Chemistry
27:47 Scale Mail Armor
27:58 Forging
Connection lost

Rejoining the realm…

Still unreachable

The connection could not be restored.

Session expired

The server has moved on; the page needs a fresh start.